 Dungeon Crawl Stone Soup version 0.21-a0-270-g8204059 (webtiles) character file.

1833 tidbits the Grave Robber (level 8, -9/69 HPs)
             Began as a Demigod Necromancer on Sept 13, 2017.
             Killed from afar by an electric eel (13 damage)
             ... with a bolt of electricity
             ... on level 9 of the Dungeon.
             The game lasted 00:37:15 (3995 turns).

tidbits the Grave Robber (Demigod Necromancer)      Turns: 3995, Time: 00:37:16

Health: -9/69      AC:  9    Str: 13    XL:     8   Next: 56%
Magic:  9/17       EV: 13    Int: 21    God:
Gold:   449        SH:  0    Dex: 16    Spells: 3/15 levels left

rFire    . . .     SeeInvis .   J - +0 long sword
rCold    . . .     Gourm    .   (no shield)
rNeg     . . .     Faith    .   B - +0 ring mail
rPois    .         Spirit   .   E - +0 helmet
rElec    .         Reflect  .   C - +1 cloak
rCorr    +         Harm     .   G - +0 pair of gloves
MR       .....                  (no boots)
Stlth    ++........             s - amulet of magic regeneration
HPRegen  0.21/turn              t - ring of resist corrosion
MPRegen  0.40/turn              R - ring of stealth

@: very slightly contaminated
A: high mp 1
a: no special abilities


You were on level 9 of the Dungeon.
You were hungry.

You visited 1 branch of the dungeon, and saw 9 of its levels.

You collected 449 gold pieces.

Inventory:

Hand Weapons
 a - a +1 dagger of venom
   (You found it on level 3 of the Dungeon)
 w - a +0 halberd
 F - a +0 hunting sling
 J - a +0 long sword (weapon)
 P - a +0 dire flail
 Q - a +2 hunting sling of flaming
   (You took it off a goblin on level 3 of the Dungeon)
 S - a -2 arbalest
 Y - a +0 shortbow
Missiles
 c - 2 needles of confusion
 f - 38 stones (quivered)
 j - 192 arrows
 p - 9 tomahawks
 H - 2 tomahawks of dispersal {!f}
 K - 8 sling bullets
 N - 29 bolts
Armour
 x - a +0 buckler
 B - a +0 ring mail (worn)
 C - a +1 cloak (worn)
 E - a +0 helmet (worn)
 G - a +0 pair of gloves (worn)
Jewellery
 s - an amulet of magic regeneration (around neck)
   (You found it on level 1 of the Dungeon)
 t - a ring of resist corrosion (left hand)
   (You found it on level 1 of the Dungeon)
 R - a ring of stealth (right hand)
   (You found it on level 3 of the Dungeon)
 V - an uncursed ring of ice
   (You found it on level 5 of the Dungeon)
 Z - an uncursed ring of fire
   (You found it on level 7 of the Dungeon)
Wands
 z - a wand of confusion (22/48)
 T - a wand of paralysis (14/24)
Scrolls
 e - a scroll of fog
 l - 2 scrolls of teleportation
 m - 2 scrolls of immolation
 n - a scroll of fear {unknown}
 q - 3 scrolls of amnesia
 r - 2 scrolls of blinking
 y - a scroll of magic mapping
 U - a scroll of holy word {unknown}
Potions
 h - 4 potions of invisibility
 k - 2 potions of resistance {unknown}
 u - 2 potions of mutation {unknown}
 v - 2 potions of brilliance {unknown}
 A - a potion of flight {unknown}
 D - 4 potions of curing {unknown}
 I - a potion of might {unknown}
 L - 2 potions of magic {unknown}
 W - a potion of cancellation {unknown}
Books
 b - a book of Necromancy

   Spells                             Type                      Level
   a - Pain                           Necromancy                   1
   b - Animate Skeleton               Necromancy                   1
   c - Vampiric Draining              Necromancy                   3
   d - Regeneration                   Charms/Necromancy            3
   e - Animate Dead                   Necromancy                   4
   f - Control Undead                 Necromancy                   4
 X - a book of Frost
   (You found it on level 5 of the Dungeon)

   Spells                             Type                      Level
   a - Freeze                         Ice                          1
   b - Throw Frost                    Conjuration/Ice              2
   c - Ozocubu's Armour               Charms/Ice                   3
   d - Throw Icicle                   Conjuration/Ice              4
   e - Summon Ice Beast               Ice/Summoning                4
Comestibles
 d - 4 royal jellies
 g - 2 chunks of flesh
 o - 3 meat rations
 M - 6 fruits
 O - 8 bread rations


   Skills:
 + Level 5.5 Fighting
 + Level 5.4 Dodging
 - Level 1.7 Stealth
 - Level 4.1 Spellcasting
 - Level 6.8 Necromancy


You had 3 spell levels left.
You knew the following spells:

 Your Spells              Type           Power        Failure   Level  Hunger
n - Animate Skeleton      Necr           N/A          1%          1    None
r - Regeneration          Chrm/Necr      ###.......   19%         3    ###....
u - Control Undead        Necr           ####......   16%         4    ####...
v - Vampiric Draining     Necr           ####......   4%          3    ###....
z - Pain                  Necr           ####         1%          1    None


Dungeon Overview and Level Annotations

Branches:
Dungeon (9/15)             Temple (0/1) D:6            Lair (0/6) D:9
    Orc: D:9-12

Annotations:
D:5 exclusion: statue


Innate Abilities, Weirdness & Mutations

You have an increased reservoir of magic. (+10% MP)


Message History

r - Retreat! s - Stop attacking. g - Guard the area. f - Follow me.
Anything else - Cancel.
Gang up on whom?
Press: ? - help, Dir - move target cursor, f - electric eel, p - killer bee zombie
Aim: an electric eel (water) Attack!
Casting: Control Undead
Confirm with . or Enter, or press ? or * to list all spells.
Aiming: Pain
Press: ? - help, Shift-Dir - straight line, f/p - electric eel
Aim: an electric eel (chance to defeat MR: 89%)
The electric eel writhes in agony!
The electric eel shoots out a bolt of lightning at you!
The bolt of electricity misses you.
Casting: Pain
Confirm with . or Enter, or press ? or * to list all spells.
Aiming: Pain
Press: ? - help, Shift-Dir - straight line, f/p - electric eel
Aim: an electric eel (lightly wounded, chance to defeat MR: 89%)
The electric eel writhes in agony!
Your killer bee zombie closely misses the electric eel.
Your killer bee zombie completely misses the electric eel.
Casting: Pain
Confirm with . or Enter, or press ? or * to list all spells.
You can't see any susceptible monsters within range! (Use Z to cast anyway.) Unknown command.
Your killer bee zombie is smitten.
Your killer bee zombie is destroyed!
An electric eel comes into view.
An orc priest comes into view.
Some of the chunks of flesh in your inventory have rotted away.
Found a staircase to the Lair.
Casting: Pain
Confirm with . or Enter, or press ? or * to list all spells.
Aiming: Pain
Press: ? - help, Shift-Dir - straight line, f/p - electric eel
Aim: an electric eel (water, heavily wounded, chance to defeat MR: 89%)
The electric eel writhes in agony!
The electric eel shoots out a bolt of lightning at you!
The bolt of electricity hits you!
Casting: Pain
Confirm with . or Enter, or press ? or * to list all spells.
Aiming: Pain
Press: ? - help, Shift-Dir - straight line, f/p - electric eel
Aim: an electric eel (water, heavily wounded, chance to defeat MR: 89%)
The electric eel writhes in agony!
The orc priest invokes the aid of Beogh against you.
Beogh smites you!
* * * LOW HITPOINT WARNING * * *
Casting: Pain
Confirm with . or Enter, or press ? or * to list all spells.
Aiming: Pain
Press: ? - help, Shift-Dir - straight line, f - electric eel, p - electric eel
Aim: an electric eel (water, chance to defeat MR: 89%)
The electric eel writhes in agony!
The electric eel shoots out a bolt of lightning at you!
The bolt of electricity hits you!
* * * LOW HITPOINT WARNING * * *
Casting: Pain
Confirm with . or Enter, or press ? or * to list all spells.
Aiming: Pain
Press: ? - help, Shift-Dir - straight line, f/p - electric eel
Aim: an electric eel (water, lightly wounded, chance to defeat MR: 89%)
The electric eel writhes in agony!
The electric eel shoots out a bolt of lightning at you!
The bolt of electricity hits you!
* * * LOW HITPOINT WARNING * * *
You feel much better.
The electric eel shoots out a bolt of lightning at you!
The bolt of electricity hits your orc wizard skeleton.
The bolt of electricity hits you!
* * * LOW HITPOINT WARNING * * *
Casting: Pain
Confirm with . or Enter, or press ? or * to list all spells.
Aiming: Pain
Press: ? - help, Shift-Dir - straight line, f - electric eel, p - electric eel
Aim: an electric eel (water, severely wounded, chance to defeat MR: 89%)
The electric eel writhes in agony!
The orc priest looks braver for a moment.
Your orc wizard skeleton misses the electric eel.
The electric eel shoots out a bolt of lightning at you!
The bolt of electricity hits you!
* * * LOW HITPOINT WARNING * * *
The electric eel shoots out a bolt of lightning at you!
The bolt of electricity hits your orc wizard skeleton.
Your orc wizard skeleton is destroyed!
You hear a splash. x2
The bolt of electricity misses you.
Casting: Pain
Confirm with . or Enter, or press ? or * to list all spells.
Aiming: Pain
Press: ? - help, Shift-Dir - straight line, f/p - electric eel
Aim: an electric eel (water, severely wounded, chance to defeat MR: 89%)
You miscast Pain.
You are very lightly contaminated with residual magic.
Nothing appears to happen.
The electric eel shoots out a bolt of lightning at you!
The bolt of electricity hits you!
You die...

..≈≈≈...###†##≈≈
o≈≈≈≈≈.>.≈.≈≈..h...##≈≈≈
≈≈≈≈≈......≈..≈##..#≈≈..
≈≈≈≈≈≈..≈.≈≈≈.. ####≈.##
.≈≈;≈.....≈≈≈..# ##.
..≈;)....≈≈≈...# #_.
..≈≈.≈≈.≈≈≈≈...# ##.
.≈..≈≈≈.≈≈≈≈≈..# ≈.##
...≈≈≈≈@≈≈≈≈≈..# #≈≈..
..≈.≈≈≈.≈.≈≈≈≈.######≈≈≈
..≈≈≈≈≈.≈.≈≈........##≈≈
..≈..≈≈.≈.≈....####..###
.......................#
................###.##.#
###.###...#.###.# #.# #.
###.#.# #.# #.# # #.#.#
#.# #.#


You could see 2 electric eels and an orc priest.

Vanquished Creatures
  Eustachio (D:6)
  2 orc warriors
  4 ogres
  A wolf (D:9)
  A centaur (D:6)
  2 scorpions
  A howler monkey (D:4)
  An electric eel (D:9)
  A crimson imp (D:6)
  2 bullfrog zombies
  6 hounds
  An iguana (D:6)
  A worker ant (D:4)
  4 orc wizards
  A killer bee zombie (D:9)
  Robin (D:4)
  A worker ant zombie (D:6)
  2 adders
  7 gnolls
  A shadow imp (D:6)
  3 oozes
  An adder skeleton (D:4)
  An adder zombie (D:5)
  3 worms
  A dart slug (D:3)
  5 leopard geckos
  13 orcs
  2 ball pythons
  7 bats
  6 giant cockroaches
  12 goblins
  4 hobgoblins
  5 jackals
  9 kobolds
  6 frilled lizards
  A jackal skeleton (D:7)
  2 quokka skeletons
  11 rats
133 creatures vanquished.

Vanquished Creatures (collateral kills)
  A phantom (D:4)
  A bullfrog (D:6)
  An orc wizard (D:9)
  A worker ant zombie (D:8)
  2 adders
  3 bat zombies (D:2)
  A goblin (D:4)
  A ball python skeleton (D:4)
  A rat zombie (D:2)
12 creatures vanquished.

Grand Total: 145 creatures vanquished

Notes
Turn   | Place    | Note
-------+----------+-------------------------------------------
     0 | D:1      | tidbits the Demigod Necromancer began the quest for the Orb.
     0 | D:1      | Reached XP level 1. HP: 14/14 MP: 5/5
   254 | D:2      | Reached skill level 2 in Spellcasting
   254 | D:2      | Reached XP level 2. HP: 6/20 MP: 2/7
   259 | D:2      | HP: 2/20 [adder (1)]
   260 | D:2      | Reached skill level 4 in Necromancy
   340 | D:2      | Learned a level 1 spell: Animate Skeleton
   364 | D:2      | HP: 1/20 [jackal (1)]
   730 | D:1      | Reached XP level 3. HP: 22/26 MP: 6/9
   820 | D:1      | Learned a level 3 spell: Vampiric Draining
  1112 | D:2      | Found a sparkling altar of Nemelex Xobeh.
  1122 | D:2      | Reached XP level 4. HP: 8/33 MP: 0/10
  1151 | D:2      | Learned a level 3 spell: Regeneration
  1189 | D:2      | Found an ancient bone altar of Kikubaaqudgha.
  1365 | D:3      | Reached skill level 5 in Necromancy
  1460 | D:4      | Reached skill level 3 in Spellcasting
  1460 | D:4      | Reached XP level 5. HP: 36/38 MP: 8/12
  1505 | D:4      | Noticed an ogre
  1505 | D:4      | Noticed a phantom
  1539 | D:4      | Killed an ogre
  1555 | D:4      | Killed a phantom
  1669 | D:4      | Reached XP level 6. HP: 40/46 MP: 7/14
  1696 | D:5      | Entered Level 5 of the Dungeon
  1775 | D:4      | Reached skill level 6 in Necromancy
  1776 | D:4      | Noticed Robin
  1805 | D:4      | Killed Robin
  1830 | D:4      | Found a glowing golden altar of the Shining One.
  2066 | D:3      | Learned a level 4 spell: Control Undead
  2412 | D:5      | Found a radiant altar of Vehumet.
  2446 | D:5      | Reached skill level 1 in Fighting
  2496 | D:5      | Reached skill level 4 in Spellcasting
  2600 | D:5      | Found a hazy altar of Hepliaklqana.
  2697 | D:6      | Reached XP level 7. HP: 47/53 MP: 11/16
  2742 | D:6      | Noticed Eustachio
  2748 | D:6      | Reached skill level 2 in Fighting
  2748 | D:6      | Reached skill level 2 in Dodging
  2789 | D:6      | Killed Eustachio
  2789 | D:6      | Reached skill level 3 in Dodging
  2814 | D:6      | Found a burning altar of Makhleb.
  2827 | D:6      | Reached skill level 3 in Fighting
  3038 | D:7      | Found an iron altar of Okawaru.
  3388 | D:6      | Reached XP level 8. HP: 63/66 MP: 17/17
  3470 | D:6      | Found a staircase to the Ecumenical Temple.
  3479 | D:6      | Reached skill level 4 in Fighting
  3479 | D:6      | Reached skill level 4 in Dodging
  3806 | D:9      | Reached skill level 5 in Fighting
  3874 | D:9      | Reached skill level 5 in Dodging
  3886 | D:9      | Found a deep blue altar of Sif Muna.
  3988 | D:9      | Found a staircase to the Lair.
  3992 | D:9      | HP: 2/69 [electric eel/bolt of electricity (12)]
  3995 | D:9      | Killed from afar by an electric eel

Vault maps used:
D:1:      kilobyte_arrival_exit_the_forest, nrook_mini_vaults,
          minmay_pentomino_w2
D:2:      lemuel_doored_altar, lightli_temple_of_fire,
          lemuel_zombie_altar_kikubaaqudgha
D:3:      first_bread, minmay_parallelograms
D:4:      nicolae_tso_carved_into_rock, uniq_robin
D:5:      vehumet_statue, old_standard_altar
D:6:      makhleb_grotto_becter, minmay_temple_entry_enclosed_plants,
          uniq_eustachio
D:7:      okawaru_gym_becter, zin_statuary
D:8:      grunt_gozag_statues, kennysheep_little_box
D:9:      kennysheep_orc_sif_temple, erik_lair_island, minivault_25,
          grunt_livestock

Skill      XL: |  1  2  3  4  5  6  7  8 |
---------------+-------------------------+-----
Spellcasting   | 2 3 4 |  4.1
Necromancy     | 4 5 6 |  6.8
Fighting       | 1 3 5 |  5.5
Dodging        | 3 5 |  5.4
Stealth        | |  1.7

Action                   |  1- 3 |  4- 6 |  7- 9 || total
-------------------------+-------+-------+-------++-------
Melee: Dagger            |    18 |    47 |       ||    65
       Long sword        |       |    11 |    81 ||    92
 Fire: Arbalest          |       |     2 |    22 ||    24
 Cast: Pain              |    56 |   112 |    46 ||   214
       Animate Skeleton  |     7 |    11 |    11 ||    29
       Vampiric Draining |     8 |    25 |    17 ||    50
       Regeneration      |       |    10 |     7 ||    17
       Control Undead    |       |       |     7 ||     7
  Use: Scroll            |     2 |     8 |     1 ||    11
       Potion            |       |       |     1 ||     1
 Stab: Sleeping          |     1 |     1 |     1 ||     3
  Eat: Chunk             |     3 |     8 |     6 ||    17
       Fruit             |       |       |     1 ||     1
Armor: Robe              |     4 |    18 |    37 ||    59
       Ring mail         |       |       |    37 ||    37
Dodge: Dodged            |    19 |    73 |   146 ||   238
       Rpst.: Long sword |       |     4 |    29 ||    33

Table legend:
 A = Spawn XP
 B = Non-spawn XP
 C = Spawn XP percentage of total XP
 D = Spawn monster count
 E = Non-spawn monster count
 F = Spawn count percentage of total count
 G = Total turns spent on level
                    A         B        C        D         E        F      G
               +---------+---------+-------+---------+---------+-------+---------
         Total |       0 |    2619 |   0.0 |       0 |     145 |   0.0 |  3995
               +---------+---------+-------+---------+---------+-------+---------
           D:1 |       0 |      35 |   0.0 |       0 |      23 |   0.0 |   839
           D:2 |       0 |     122 |   0.0 |       0 |      31 |   0.0 |   493
           D:3 |       0 |      41 |   0.0 |       0 |      15 |   0.0 |   392
           D:4 |       0 |     427 |   0.0 |       0 |      29 |   0.0 |   578
           D:5 |       0 |     238 |   0.0 |       0 |      14 |   0.0 |   392
           D:6 |       0 |     730 |   0.0 |       0 |      13 |   0.0 |   544
           D:7 |       0 |     161 |   0.0 |       0 |       4 |   0.0 |   319
           D:8 |       0 |     193 |   0.0 |       0 |       3 |   0.0 |   173
           D:9 |       0 |     672 |   0.0 |       0 |      13 |   0.0 |   265
               +---------+---------+-------+---------+---------+-------+---------

Table legend:
 A = Turns spent in this place as a percentage of turns spent in the entire game.
 B = Non-inter-level travel turns spent in this place as a percentage of non-inter-level travel turns spent in the entire game.
 C = Inter-level travel turns spent in this place as a percentage of turns spent in this place.
 D = Turns resting spent in this place as a percentage of non-inter-level travel turns spent in this place.
 E = Turns spent auto-exploring this place as a percentage of non-inter-level travel turns spent in this place.
 F = Non-inter-level travel turns spent in this place divided by the number of levels of this place that you've seen.
                   A       B       C       D       E      F
               +-------+-------+-------+-------+-------+----------------------
         Total | 100.0 | 100.0 |   1.3 |   0.0 |   0.0 | 438.2
       Dungeon | 100.0 | 100.0 |   1.3 |   0.0 |   0.0 | 438.2
               +-------+-------+-------+-------+-------+----------------------

Table legend:
 A = Kills in this place as a percentage of kills in entire the game.
 B = Kills by you in this place as a percentage of kills by you in the entire game.
 C = Kills by friends in this place as a percentage of kills by friends in the entire game.
 D = Other kills in this place as a percentage of other kills in the entire game.
 E = Experience gained in this place as a percentage of experience gained in the entire game.
 F = Experience gained in this place divided by the number of levels of this place that you have seen.
                   A       B       C       D       E      F
               +-------+-------+-------+-------+-------+----------------------
         Total | 100.0 | 100.0 | 100.0 | 100.0 | 100.0 | 291.0
       Dungeon | 100.0 | 100.0 | 100.0 | 100.0 | 100.0 | 291.0
               +-------+-------+-------+-------+-------+----------------------

Vault maps used:
D:1:      kilobyte_arrival_exit_the_forest, nrook_mini_vaults,
          minmay_pentomino_w2
D:2:      lemuel_doored_altar, lightli_temple_of_fire,
          lemuel_zombie_altar_kikubaaqudgha
D:3:      first_bread, minmay_parallelograms
D:4:      nicolae_tso_carved_into_rock, uniq_robin
D:5:      vehumet_statue, old_standard_altar
D:6:      makhleb_grotto_becter, minmay_temple_entry_enclosed_plants,
          uniq_eustachio
D:7:      okawaru_gym_becter, zin_statuary
D:8:      grunt_gozag_statues, kennysheep_little_box
D:9:      kennysheep_orc_sif_temple, erik_lair_island, minivault_25,
          grunt_livestock
